 Dungeon Crawl Stone Soup version 0.31-a0-1338-gb567cfdca4 (webtiles) character file.

Game seed: 11709000274572832856

38998 ragingrage the Slicer (level 14, -1/99 HPs)
             Began as an Octopode Artificer on Dec 22, 2023.
             Was an Initiate of Gozag.
             Slain by Jorgrun
             ... wielding a +0 heavy quarterstaff
              (12 damage)
             ... while petrified by Jorgrun
             ... on level 12 of the Dungeon.
             The game lasted 00:22:59 (16653 turns).

ragingrage the Slicer (Octopode Artificer)         Turns: 16653, Time: 00:22:59

Health: -1/99      AC:  7    Str: 13    XL:     14   Next: 4%
Magic:  14/14      EV: -1    Int: 21    God:    Gozag
Gold:   4023       SH:  0    Dex: 16    Spells: 13/13 levels left

rFire   . . .        b - +0 rapier (drain)
rCold   . . .        (no shield)
rNeg    + + +        l - +2 hat
rPois   ∞            m - amulet of regeneration
rElec   .            q - ring of willpower
rCorr   .            A - +6 ring of intelligence
SInv    .            K - +4 ring of protection
Will    ++...        V - ring of Xom's Best Wishes {rPois EV+5 Str+2}
Stlth   ++++++       (no ring)
HPRegen 1.16/turn    (no ring)
MPRegen 0.14/turn    (no ring)
                     (no ring)

%: no passive effects
@: maw-form, petrified, grasped by roots, constricted
A: devouring maw, almost no armour, amphibious, 8 rings, camouflage 1,
gelatinous body 1, (nimble swimmer 1), tentacles
a: Begin Untransformation, Renounce Religion, Potion Petition, Call Merchant,
Bribe Branch


You were on level 12 of the Dungeon.
You worshipped Gozag.
Gozag was most pleased with you.
You were a creature with a mouth for a stomach.
You visited 3 branches of the dungeon, and saw 18 of its levels.
You also visited: Sewer.

You collected 4125 gold pieces.
You paid 102 gold pieces to Gozag.

Inventory:

Hand Weapons
 a - a +2 dagger of venom
 b - a +0 rapier of draining (weapon)
 c - a +3 scimitar of flaming
 Q - the +1 shortbow of Valour {flame, rF- Int+4 SInv}
   (You found it on level 9 of the Dungeon)

   Int+4:     It affects your intelligence (+4).
   rF-:       It makes you vulnerable to fire.
   SInv:      It lets you see invisible.
Missiles
 g - 25 poisoned darts
 j - 6 throwing nets
Armour
 l - a +2 hat (worn)
 B - an orb of guile
 L - a +2 buckler
Jewellery
 m - an amulet of regeneration (around mantle)
 q - a ring of willpower (left tentacle)
 A - a +6 ring of intelligence (right tentacle)
 K - a +4 ring of protection (on tentacle)
 M - a ring of fire
 V - the ring of Xom's Best Wishes (on tentacle) {rPois EV+5 Str+2}
   (You found it on level 2 of the Lair of Beasts)

   [ring of evasion]

   EV+5:      It affects your evasion (+5).
   Str+2:     It affects your strength (+2).
   rPois:     It protects you from poison
Talismans
 J - a maw talisman (active)
Wands
 d - a wand of iceblast (2)
 e - a wand of quicksilver (20)
 r - a wand of digging (8)
 z - a wand of paralysis (25)
 C - a wand of polymorph (7)
 D - a wand of flame (19) (quivered)
 N - a wand of charming (8)
 R - a wand of mindburst (17)
Scrolls
 k - a scroll of revelation
 n - 4 scrolls of vulnerability
 p - 4 scrolls of poison
 s - 3 scrolls of amnesia
 u - 5 scrolls of teleportation
 w - 2 scrolls of brand weapon
 y - 2 scrolls of enchant weapon {unknown}
 E - 2 scrolls of fear
 O - a scroll of butterflies {unknown}
 P - a scroll of fog {unknown}
 W - a scroll of noise {unknown}
 X - 2 scrolls of blinking
Potions
 f - a potion of resistance {unknown}
 h - 3 potions of enlightenment {unknown}
 i - 2 potions of heal wounds
 o - 3 potions of might
 t - 5 potions of curing
 v - 3 potions of invisibility
 x - 5 potions of attraction
 F - 3 potions of magic {unknown}
 G - 3 potions of lignification {unknown}
 H - 2 potions of berserk rage {unknown}
 I - a potion of haste {unknown}
 S - a potion of mutation {unknown}
 T - a potion of brilliance {unknown}
Miscellaneous
 U - a phial of floods


   Skills:
 + Level 10.2 Fighting
 - Level 13.9(14.0) Short Blades
 - Level 0.9(9.0) Long Blades
 + Level 10.2 Dodging
 + Level 10.4 Stealth
 + Level 5.5 Evocations
 - Level 10.0 Shapeshifting


You had 13 spell levels left.
You didn't know any spells.
Your spell library contained the following spells:

 Spells                   Type           Power      Damage    Failure   Level
 Apportation              Tloc           0%         N/A       19%         1
 Necrotise                Necr           0%         1d4       19%         1
 Sting                    Conj/Alch      0%         1d3       19%         1
 Summon Small Mammal      Summ           0%         N/A       19%         1
 Lesser Beckoning         Tloc           0%         N/A       26%         2
 Scorch                   Fire           0%         2d5       26%         2
 Gell's Gravitas          Tloc           0%         N/A       47%         3
 Inner Flame              Hex/Fire       0%         N/A       47%         3
 Teleport Other           Tloc           0%         N/A       47%         3
 Flame Wave               Conj/Fire      0%         2d4       87%         4
 Olgreb's Toxic Radiance  Alch           0%         N/A       87%         4
 Sticky Flame             Fire/Alch      0%         2d4       87%         4
 Summon Lightning Spire   Summ/Air       0%         N/A       87%         4
 Iskenderun's Battlesphe  Conj           0%         2d6       99%         5
 Lee's Rapid Deconstruct  Erth           0%         3d4*      99%         5
 Bombard                  Conj/Erth      0%         9d1       100%        6
 Summon Cactus Giant      Summ           0%         N/A       100%        6
 Ozocubu's Refrigeration  Ice            0%         4d7       100%        7
 Spellforged Servitor     Conj/Summ      0%         N/A       100%        7
 Discord                  Hex            0%         N/A       100%        8
 Animate Armour           Summ/Erth      Unusable   N/A       N/A         4

Dungeon Overview and Level Annotations

Branches:
Dungeon (12/15)            Temple (1/1) D:6            Lair (5/5) D:8
  Swamp (0/4) Lair:3       Spider (0/4) Lair:2        Slime (0/5) Lair:4
    Orc (0/2) D:10          Sewer (visited)

Altars:
Ashenzari
Cheibriados
Dithmenos
Elyvilon
Fedhas
Gozag
Hepliaklqana
Kikubaaqudgha
Makhleb
Nemelex Xobeh
Okawaru
Qazlal
Ru
Sif Muna
Trog
Uskayaw
Vehumet
Wu Jian
Xom
Yredelemnul
Zin
The Shining One

Shops:
D:9 (

Annotations:
D:5 1 runed translucent door, Crazy Yiuf
D:10 exclusion: wolf, Erolcha; Grum
D:12 Jorgrun
Lair:1 1 runed translucent door, Sonofthefire's ghost, journeyman OpSh
Lair:5 exclusions: hornet and 2 more exclusions


Innate Abilities, Weirdness & Mutations

You are a creature with a mouth for a stomach.
Your midsection houses a second, enormous mouth.
You are immune to poison.
You cannot wear most types of armour.
You are amphibious.
You can wear up to eight rings at the same time.
Your skin changes colour to match your surroundings (Stealth+).
Your rubbery body absorbs attacks. (AC +1, EV +1)
((You are camouflaged when in or above water. (Stealth+)))
You have tentacles for arms and can constrict up to eight enemies at once.


Message History

Jorgrun gestures at you while chanting.
You are slowing down.
The two-headed ogre attacks as it pursues you!
The two-headed ogre hits you with a +0 giant club!
The two-headed ogre closely misses you.
Jorgrun points at you and mumbles some strange words.
Roots burst forth from the earth!
The grasping roots grab you! The grasping roots constrict you!
Your limbs are stiffening.
Okay, then.
As you read the scroll of fear, it crumbles to dust.
You assume a fearsome visage.
Jorgrun resists with almost no effort.
The two-headed ogre looks frightened!
The grasping roots constrict you!
You have turned to stone.
The grasping roots constrict you.
Jorgrun gestures next to you while chanting.
The wall shatters!
The blast of rock fragments hits you but does no damage.
The grasping roots constrict you!
The two-headed ogre yells at you, "GO AWAY!"
Jorgrun gestures at you while chanting. The iron shot hits you!!!
The grasping roots constrict you! Jorgrun casts a spell at you.
You easily resist.
The grasping roots constrict you!
The two-headed ogre cries, "Mercy!"
Jorgrun gestures next to you while chanting.
The wall shatters!
The blast of rock fragments hits you!! The grasping roots constrict you!
Jorgrun hits you with a +0 heavy quarterstaff!
* * * LOW HITPOINT WARNING * * *
The grasping roots constrict you.
* * * LOW HITPOINT WARNING * * *
Jorgrun hits you with a +0 heavy quarterstaff!!
* * * LOW HITPOINT WARNING * * *
The grasping roots constrict you.
* * * LOW HITPOINT WARNING * * *
Jorgrun says, "A few more walls knocked out 'ere an' thar an' 'tis whole place will come crashin' down."
Jorgrun hits you with a +0 heavy quarterstaff!!
You die...
Your body crumbles into a pile of gold.

+.......)....g.......
#....O....##.#...##.#
#.......##.# #.##
##.....##.# ##
##...##.# ##'##.#
#.#.# ##.g#####
####### #.W.....#
#.....###<..###.#
#.....##.....##
.##.............#
........###..##....
###.....# #.## ##.#
####### #.# .# #.. #
###


You could see Jorgrun and a two-headed ogre.

Vanquished Creatures
  Harold (D:9)
  A hydra (Lair:3)
  2 two-headed ogres (D:11)
  An alligator (Lair:3)
  Erica (D:8)
  3 death yaks (Lair:4)
  Nergalle (Lair:3)
  Lodul (D:11)
  A lindwurm (Lair:5)
  Pikel (D:5)
  An ugly thing (D:11)
  A cyclops (D:11)
  Maurice (D:10)
  4 black mambas
  An elephant (Lair:2)
  3 cane toads
  4 torpor snails
  A gargoyle (D:10)
  Maggie (D:7)
  3 rime drakes
  17 komodo dragons
  2 hornets
  2 trolls
  2 polar bears
  7 dream sheep (Lair:5)
  A shadow (D:9)
  63 yaks
  Eustachio (D:3)
  5 basilisks
  A wyvern (D:7)
  A vampire (D:11)
  4 steam dragons
  2 acid dragons (D:10)
  15 water moccasins
  Duvessa (D:5)
  11 ogres
  2 orc warriors
  2 swamp drakes (Lair:5)
  3 black bears
  4 ice beasts
  6 wolves
  A crocodile (Sewer)
  3 centaurs
  2 phantoms
  6 kobold brigands
  14 bullfrogs
  6 scorpions
  A gnoll sergeant (D:9)
  3 wights (D:6)
  Dowan (D:5)
  3 killer bees (D:9)
  2 howler monkeys (D:7)
  4 jellies
  4 orc priests
  3 gnoll boudas
  2 hounds
  4 sleepcaps
  2 hell rats (Lair:1)
  9 iguanas
  5 orc wizards
  Robin (D:3)
  19 gnolls
  6 adders
  5 river rats (Lair:1)
  A shadow imp (D:6)
  A white imp (D:7)
  A bombardier beetle (D:3)
  3 worms
  5 dart slugs
  33 orcs
  6 ball pythons
  8 endoplasms
  10 giant cockroaches
  14 goblins
  6 hobgoblins
  5 jackals
  2 quokkas (D:1)
  6 bats
  6 frilled lizards
  38 kobolds
  7 rats
443 creatures vanquished.

Vanquished Creatures (collateral kills)
  An orc priest (D:8)
1 creature vanquished.

Vanquished Creatures (others)
  A komodo dragon (Lair:2)
  A goblin (D:3)
2 creatures vanquished.

Grand Total: 446 creatures vanquished

Notes
Turn   | Place    | Note
-------+----------+-------------------------------------------
     0 | D:1      | ragingrage the Octopode Artificer began the quest for the
                  | Orb.
     0 | D:1      | Reached XP level 1. HP: 13/13 MP: 1/1
   310 | D:1      | Reached XP level 2. HP: 14/18 MP: 2/2
  1068 | D:2      | Reached XP level 3. HP: 20/24 MP: 3/3
  1289 | D:2      | Reached XP level 4. HP: 29/29 MP: 4/4
  1811 | D:3      | Reached skill level 1 in Short Blades
  1934 | D:3      | Found a glowing drain.
  1949 | Sewer    | Entered a sewer
  2020 | Sewer    | Noticed a crocodile
  2033 | Sewer    | Killed a crocodile
  2034 | Sewer    | Reached skill level 2 in Short Blades
  2034 | Sewer    | Reached XP level 5. HP: 25/36 MP: 5/5
  2160 | D:3      | Noticed Robin
  2237 | D:3      | Killed Robin
  2238 | D:3      | Reached XP level 6. HP: 42/42 MP: 6/6
  2532 | D:4      | Noticed Eustachio
  2565 | D:3      | Killed Eustachio
  2566 | D:3      | Reached skill level 3 in Short Blades
  2681 | D:4      | Found a burning altar of Makhleb.
  2748 | D:4      | Reached XP level 7. HP: 48/48 MP: 7/7
  2913 | D:4      | Reached skill level 4 in Short Blades
  2967 | D:5      | Entered Level 5 of the Dungeon
  3064 | D:5      | Reached skill level 5 in Short Blades
  3252 | D:5      | Found a hazy altar of Hepliaklqana.
  3258 | D:5      | Noticed Dowan
  3351 | D:5      | Noticed Duvessa
  3365 | D:5      | Killed Duvessa
  3371 | D:5      | Reached XP level 8. HP: 49/54 MP: 8/8
  3401 | D:5      | Killed Dowan
  3850 | D:5      | Reached skill level 5 in Stealth
  3897 | D:5      | Noticed Pikel
  3908 | D:5      | Killed Pikel
  3909 | D:5      | Reached skill level 5 in Fighting
  3909 | D:5      | Reached skill level 5 in Dodging
  4134 | D:5      | Found an ancient bone altar of Kikubaaqudgha.
  4276 | D:5      | Reached XP level 9. HP: 24/61 MP: 9/9
  4363 | D:5      | Found a runed translucent door.
  4364 | D:5      | Noticed Crazy Yiuf
  4615 | D:4      | Reached skill level 6 in Short Blades
  4928 | D:6      | Found a sacrificial altar of Ru.
  4983 | D:6      | Reached skill level 7 in Short Blades
  5106 | D:6      | Found a staircase to the Ecumenical Temple.
  5149 | D:6      | Found an ornate altar of the Wu Jian Council.
  5161 | Temple   | Entered the Ecumenical Temple
  5171 | Temple   | Became a worshipper of Gozag Ym Sagoz the Greedy
  5417 | D:6      | Reached skill level 8 in Short Blades
  5843 | D:7      | Identified the +6 whip "Leorastro" {flame, rF- rN+ SInv}
  5920 | D:7      | Reached skill level 9 in Short Blades
  6057 | D:7      | Found an iron altar of Okawaru.
  6573 | D:7      | Noticed Maggie
  6578 | D:7      | Killed Maggie
  6579 | D:7      | Reached XP level 10. HP: 66/66 MP: 10/10
  6802 | D:8      | Found a staircase to the Lair.
  7493 | D:8      | Reached skill level 10 in Short Blades
  7921 | D:8      | Noticed Erica
  7955 | D:8      | Reached skill level 5 in Evocations
  8003 | D:8      | Killed Erica
  8483 | D:9      | Found a radiant altar of Vehumet.
  8491 | D:9      | Noticed Harold
  8524 | D:9      | Killed Harold
  8525 | D:9      | Reached skill level 1 in Shapeshifting
  8525 | D:9      | Reached XP level 11. HP: 75/75 MP: 11/11
  8573 | D:9      | Found Lenyni's Weapon Emporium.
  8791 | D:9      | Reached skill level 11 in Short Blades
  8950 | D:9      | Found a bloodstained altar of Trog.
  9033 | D:9      | Found a snail-covered altar of Cheibriados.
  9047 | D:9      | Identified the +1 shortbow of Valour {flame, rF- Int+4
                  | SInv}
  9194 | D:10     | Entered Level 10 of the Dungeon
  9295 | D:10     | Noticed Erolcha
  9299 | D:10     | Found a staircase to the Orcish Mines.
  9348 | Lair:1   | Entered Level 1 of the Lair of Beasts
 10530 | Lair:1   | Found a runed translucent door.
 10530 | Lair:1   | Noticed Sonofthefire's ghost (journeyman OpSh)
 10530 | Lair:1   | Noticed a skyshark
 10903 | Lair:2   | Reached XP level 12. HP: 82/84 MP: 12/12
 10938 | Lair:2   | Found a hole to the Spider Nest.
 11282 | Lair:2   | Identified the ring of Xom's Best Wishes {rPois EV+5 Str+2}
 11597 | Lair:2   | Reached skill level 12 in Short Blades
 11637 | Lair:2   | Reached skill level 5 in Shapeshifting
 11794 | Lair:2   | Reached skill level 10 in Stealth
 11945 | Lair:2   | Reached skill level 10 in Dodging
 12246 | Lair:3   | Noticed an alligator
 12257 | Lair:3   | Killed an alligator
 12360 | Lair:3   | Noticed Nergalle
 12615 | Lair:3   | Killed Nergalle
 12616 | Lair:3   | Reached skill level 10 in Fighting
 12686 | Lair:3   | Reached XP level 13. HP: 36/88 MP: 13/13
 12868 | Lair:3   | You fall into a shaft and drop 2 floors!
 12868 | Lair:5   | Entered Level 5 of the Lair of Beasts
 12933 | Lair:4   | Reached skill level 13 in Short Blades
 13067 | Lair:4   | Found a staircase to the Slime Pits.
 13541 | Lair:3   | Found a staircase to the Swamp.
 15176 | D:10     | Noticed Maurice
 15212 | D:10     | Killed Maurice
 15489 | D:10     | Found a glowing golden altar of the Shining One.
 15547 | D:10     | Noticed Grum
 15650 | D:11     | Noticed Lodul
 15763 | D:11     | Killed Lodul
 16034 | D:11     | Reached skill level 10 in Shapeshifting
 16314 | D:11     | Reached XP level 14. HP: 99/99 MP: 14/14
 16630 | D:12     | Noticed Jorgrun
 16653 | D:12     | Slain by Jorgrun

Illustrated notes

Levels and vault maps discovered:
D:1:      evilmike_arrival_rings, layout_basic,
          wander_ebering_terrifying_dragon_lair
D:2:      layout_basic, minmay_misc_feat_four_crosses, minmay_pentomino_x4
D:3:      layout_rooms, portal_sewer_entry_b, minmay_surrounded, uniq_robin
D:4:      layout_cave_pools, mainiacjoe_overflow_chevrons, hellmonk_no_cap,
          uniq_eustachio
D:5:      layout_layer_cave, mainiacjoe_overflow_alcove_4,
          mainiacjoe_overflow_catwalk, uniq_pikel, uniq_duvessa,
          uniq_crazy_yiuf_cottage
D:6:      layout_loops_ring, nzn_wu_jian_council_hall, general_overflow_altar,
          minmay_temple_entry_steel_oval, nrook_pool_corridor
D:7:      layout_gridville, mainiacjoe_overflow_surrounded_room, uniq_maggie
D:8:      layout_gridville, lair_entry_dummy, uniq_erica
D:9:      layout_long_grid, kennysheep_slug_shrine, vehumet_altar_wand_db,
          trog_book, serial_shops, nicolae_shop_trees, uniq_harold
D:10:     layout_cave_pools, tso_altar, orc_0_dummy, bh_walls_and_bars,
          uniq_grum, uniq_erolcha, uniq_maurice
D:11:     layout_cave_pools, uniq_lodul
D:12:     layout_loops_corners, minmay_mirror_moons_of_madness, uniq_jorgrun
Temple:   nicolae_temple_x_marks_the_god
Lair:1:   layout_loops_ring, ebering_ghost_inner_flame, kennysheep_rathole,
          grunt_megastairs_1
Lair:2:   layout_misc_corridors, nicolae_spider_entry_non_spiders, minivault_19,
          beast_lair_carwin_7
Lair:3:   layout_gridlike, mainiacjoe_swamp_entry_lozenge_pond,
          columned_hall_lemuel, uniq_nergalle
Lair:4:   layout_big_grid, slime_entry_1
Lair:5:   guppyfry_lair_end_dragon, layout_loops_ring, wormcave

Skill      XL: |  1  2  3  4  5  6  7  8  9 10 11 12 13 |
---------------+----------------------------------------+-----
Stealth        | 2 3 4 7 8 10 | 10.4
Fighting       | 2 3 4 5 7 8 10 | 10.2
Dodging        | 3 4 5 6 8 9 10 | 10.2
Short Blades   | 2 3 5 9 10 11 12 13 | 13.9
Evocations     | 5 |  5.5
Shapeshifting  | 1 4 6 10 | 10.0
Long Blades    | |  0.9

Action                     |  1- 3 |  4- 6 |  7- 9 | 10-12 | 13-15 || total
---------------------------+-------+-------+-------+-------+-------++-------
  Melee: Short sword       |     4 |       |       |       |       ||     4
         Falchion          |    36 |       |       |       |       ||    36
         Club              |     3 |       |       |       |       ||     3
         Constrict         |    14 |    30 |    51 |    73 |    19 ||   187
         Tentacles         |    13 |    22 |    95 |   264 |   163 ||   557
         Punch             |     1 |       |     6 |    11 |     8 ||    26
         Dagger            |    24 |   109 |   278 |   100 |     8 ||   519
         Rapier            |       |       |       |   737 |   479 ||  1216
         Maw               |       |       |       |       |    22 ||    22
         Scimitar          |       |       |       |       |     5 ||     5
  Throw: Dart              |       |       |       |     2 |       ||     2
  Evoke: Wand              |       |     2 |     1 |    12 |     2 ||    17
    Use: Scroll            |       |     6 |     4 |     4 |     3 ||    17
         Potion            |       |       |     1 |       |     2 ||     3
   Stab: Sleeping          |     9 |     9 |    13 |    26 |    14 ||    71
         Distracted        |       |       |     1 |     7 |     4 ||    12
         Paralysed         |       |       |       |     2 |       ||     2
         Confused          |       |       |       |       |     3 ||     3
 Armour: Skin              |    21 |    44 |    94 |   208 |   121 ||   488
  Dodge: Dodged            |    40 |    60 |   124 |   499 |   270 ||   993
   Form: Maw               |       |       |       |       |     1 ||     1

Table legend: (Time is in decaauts)
 A = Elapsed time spent in this place.
 B = Non-inter-level travel time spent in this place.
 C = Inter-level travel time spent in this place.
 D = Time resting spent in this place.
 E = Time spent auto-exploring this place.
 F = Levels seen in this place.
 G = Mean time per level.
                   A        B        C        D        E       F      G
               +--------+--------+--------+--------+--------+-----+--------+
         Total |  16030 |  14798 |   1232 |   1935 |   9134 |  19 |  843.7 |
       Dungeon |  10645 |   9821 |    824 |   1402 |   6040 |  12 |  887.1 |
        Temple |     20 |      1 |     19 |      0 |      0 |   1 |   20.0 |
          Lair |   5217 |   4829 |    388 |    518 |   3011 |   5 | 1043.4 |
         Sewer |    146 |    146 |      0 |     15 |     83 |   1 |  146.0 |
               +--------+--------+--------+--------+--------+-----+--------+

Top non-repeatable levels by time:
     D:5: 1680 daAuts
  Lair:1: 1521 daAuts
     D:8: 1428 daAuts
  Lair:2: 1169 daAuts
     D:1: 1056 daAuts
     D:6: 1027 daAuts
     D:7: 970 daAuts
  Lair:3: 967 daAuts
     D:9: 895 daAuts
  Lair:5: 861 daAuts
    D:11: 785 daAuts
     D:2: 738 daAuts
    D:10: 709 daAuts
  Lair:4: 698 daAuts
     D:4: 678 daAuts
